 Dungeon Crawl Stone Soup version 0.27-a0-1060-gcb85b5eba1 (webtiles) character file.

Game seed: 6443289547883570598

5 snetch the Chopper (level 1, -2/19 HPs)
             Began as a Hill Orc Monk on Apr 22, 2021.
             Slain by an adder (5 damage)
             ... on level 3 of the Dungeon.
             The game lasted 00:00:38 (97 turns).

snetch the Chopper (Hill Orc Monk)                    Turns: 97, Time: 00:00:39

Health: -2/19      AC:  2    Str: 13    XL:     1   Next: 80%
Magic:  1/1        EV: 12    Int: 10    God:
Gold:   6          SH:  0    Dex: 13    Spells: 0/0 levels left

rFire    . . .     SeeInvis .   a - +0 hand axe
rCold    . . .     Faith    .   (no shield)
rNeg     . . .     Spirit   .   d - +0 robe
rPois    .         Reflect  .   (no helmet)
rElec    .         Harm     .   (no cloak)
rCorr    .         Rampage  .   (no gloves)
Will     .....                  (no boots)
Stlth    ++........             (no amulet)
HPRegen  0.06/turn              (no ring)
MPRegen  0.07/turn              (no ring)

@: no status effects
A: no striking features
a: no special abilities


You were on level 3 of the Dungeon.
You visited 1 branch of the dungeon, and saw 3 of its levels.

You collected 6 gold pieces.

Inventory:

Hand Weapons
 a - a +0 hand axe (weapon)
 b - a +0 short sword
Armour
 d - a +0 robe (worn)
Scrolls
 c - a scroll of identify {unknown}
 e - a scroll of immolation {unknown}
Potions
 f - a potion of might {unknown}


   Skills:
 + Level 3.6 Fighting
 + Level 4.2 Axes
 + Level 2.6 Dodging
 + Level 1.5 Stealth


You couldn't memorise any spells.
You didn't know any spells.
Your spell library was empty.

Dungeon Overview and Level Annotations

Branches:
Dungeon (3/15)

Altars:


Message History

You closely miss the kobold.
The kobold is moderately wounded.
You hit the hobgoblin. The hobgoblin hits you. The kobold barely misses you.
The hobgoblin hits you but does no damage.
You hit the kobold.
You kill the kobold!
You hit the hobgoblin.
You kill the hobgoblin!
Unknown command.
Things that are here:
a +0 short sword; a kobold corpse
d - a +0 short sword Adjust to which letter? (? for menu, Esc to quit)
b - a +0 short sword;
d - a +0 robe (worn)
Found a dagger, a bubbling cyan potion and a scroll labelled CINUMEFIOPH.
An endoplasm comes into view.
You now have 6 gold pieces.
You see here a scroll labelled CINUMEFIOPH.
e - a scroll labelled CINUMEFIOPH An adder comes into view.
The adder moves out of view.
You completely miss the endoplasm. The endoplasm freezes you.
You are frozen.
* * * LOW HITPOINT WARNING * * *
You hit the endoplasm but do no damage. The endoplasm hits you.
* * * LOW HITPOINT WARNING * * *
The endoplasm closely misses you.
You hit the endoplasm.
The endoplasm is lightly wounded.
The endoplasm hits you but does no damage.
You hit the endoplasm.
You kill the endoplasm!
f - a bubbling cyan potion The adder hisses angrily.
The adder bites you.
* * * LOW HITPOINT WARNING * * *
The adder closely misses you.
You miss the adder. The adder bites you.
You die...

## ... #.# #.#
###. #.# .....
#.# .....
####.##.....
#..@.......#
#....##S#.....#
#..## #...#...
. #####..## .
#.......#
#.......#
#.......#
#.......# #####
#)......#
.##.....


You could see an adder.

Vanquished Creatures
  An endoplasm (D:3)
  A giant cockroach (D:2)
  A hobgoblin (D:3)
  A frilled lizard (D:3)
  A kobold (D:3)
5 creatures vanquished.

Notes
Turn   | Place    | Note
-------+----------+-------------------------------------------
     0 | D:1      | snetch the Hill Orc Monk began the quest for the Orb.
     0 | D:1      | Reached XP level 1. HP: 19/19 MP: 1/1
    97 | D:3      | Slain by an adder

Illustrated notes

Levels and vault maps discovered:
D:1:      dpeg_arrival_renting, layout_basic
D:2:      layout_basic, shapermc_ecumenical_altar_hornbeckon
D:3:      layout_rooms, lemuel_round_altar

Action                   || total
-------------------------++-------
Melee: Hand axe          ||    23
Armor: Robe              ||     6
Dodge: Dodged            ||    13

Table legend: (Time is in decaauts)
 A = Elapsed time spent in this place.
 B = Non-inter-level travel time spent in this place.
 C = Inter-level travel time spent in this place.
 D = Time resting spent in this place.
 E = Time spent auto-exploring this place.
 F = Levels seen in this place.
 G = Mean time per level.
                   A        B        C        D        E       F      G
               +--------+--------+--------+--------+--------+-----+--------+
         Total |     98 |     98 |      0 |      0 |     18 |   3 |   32.7 |
       Dungeon |     98 |     98 |      0 |      0 |     18 |   3 |   32.7 |
               +--------+--------+--------+--------+--------+-----+--------+

Top non-repeatable levels by time:
     D:3: 61 daAuts
     D:1: 23 daAuts
     D:2: 14 daAuts
